 Dungeon Crawl Stone Soup version 0.22-a0-247-gbddf880757 (webtiles) character file.

13 RedPan the Slasher (level 2, 0/24 HPs)
             Began as a Demonspawn Monk on Feb 24, 2018.
             Slain by an adder (1 damage)
             ... on level 2 of the Dungeon.
             The game lasted 00:01:07 (1323 turns).

RedPan the Slasher (Demonspawn Monk)                Turns: 1323, Time: 00:01:08

Health: 0/24       AC:  2    Str: 11    XL:     2   Next: 24%
Magic:  2/2        EV: 12    Int: 11    God:
Gold:   90         SH:  0    Dex: 15    Spells: 1/1 levels left

rFire    . . .     SeeInvis .   a - +0 falchion
rCold    . . .     Gourm    .   (no shield)
rNeg     . . .     Faith    .   b - +0 robe
rPois    .         Spirit   .   (no helmet)
rElec    .         Reflect  .   (no cloak)
rCorr    .         Harm     .   (no gloves)
MR       .....                  (no boots)
Stlth    +.........             (no amulet)
HPRegen  0.08/turn              (no ring)
MPRegen  0.08/turn              (no ring)

@: lethally poisoned (0 -> -17), heavily drained
A: sturdy frame 1
a: no special abilities


You were on level 2 of the Dungeon.
You were very hungry.

You visited 1 branch of the dungeon, and saw 2 of its levels.

You collected 90 gold pieces.

Inventory:

Hand Weapons
 a - a +0 falchion (weapon)
Armour
 b - a +0 robe (worn)
 j - a +0 scale mail
Jewellery
 i - an uncursed amulet of harm
Scrolls
 d - 4 scrolls of teleportation {unknown}
 f - a scroll of fog {unknown}
 g - a scroll of remove curse {unknown}
 h - a scroll of noise {unknown}
Potions
 e - a potion of degeneration {unknown}
Comestibles
 c - 4 rations


   Skills:
 - Level 3.0(1.4) Fighting
 * Level 3.2(1.6) Long Blades
 + Level 2.9(1.3) Dodging
 - Level 1.7(0.2) Stealth


You had one spell level left.
You didn't know any spells.

Dungeon Overview and Level Annotations

Branches:
Dungeon (2/15)

Altars:
Qazlal


Innate Abilities, Weirdness & Mutations

Your movements are slightly less encumbered by armour. (ER -2)


Message History

The adder poisons you! The adder bites you.
You are lethally poisoned!
The adder poisons you!
You hit the adder.
The adder is almost dead.
You feel sick. The adder bites you.
You are more poisoned.
The adder poisons you!
You barely miss the adder.
The adder is almost dead.
* * * LOW HITPOINT WARNING * * *
You feel sick. The adder bites you.
* * * LOW HITPOINT WARNING * * *
The adder bites you.
* * * LOW HITPOINT WARNING * * *
You miss the adder.
The adder is almost dead.
* * * LOW HITPOINT WARNING * * *
You feel sick. The adder bites you.
You die...

#########
#.......#
####.......#
...........#
...........#
...........#
s..........#
....##.########
..........rS@..#
......#.######.#
S.....#.#
###.########
.......w ..#
#..........# ...
......###
#.#.######.#
.......... #.#.#
#.# .........
#.#.# #.# .##.#
### #.#.# #.#
.##.# #.#.# #.#


You could see an adder and a rat.

Vanquished Creatures
  A dart slug (D:2)
  A leopard gecko (D:1)
  A goblin (D:1)
  3 kobolds (D:1)
  A frilled lizard (D:2)
  4 rats
11 creatures vanquished.

Notes
Turn   | Place    | Note
-------+----------+-------------------------------------------
     0 | D:1      | RedPan the Demonspawn Monk began the quest for the Orb.
     0 | D:1      | Reached XP level 1. HP: 18/18 MP: 1/1
   739 | D:1      | Gained mutation: Your movements are slightly less encumbered by armour. (ER -2) [demonic ancestry]
   739 | D:1      | Reached XP level 2. HP: 24/24 MP: 2/2
  1274 | D:2      | Found a stormy altar of Qazlal.
  1323 | D:2      | HP: 1/24 [poisoned by an adder]
  1323 | D:2      | Slain by an adder

Vault maps used:
D:1:      scummos_arrival_hexagon, hangedman_decor_slide_cut,
          roderic_roman_lattice
D:2:      nicolae_overflow_crystal_walls, lemuel_coloured_pillars_altar,
          lemuel_crystal_altar

Skill      XL: |  1 |
---------------+----+-----
Long Blades    | 3 |  3.2
Fighting       | |  3.0
Dodging        | |  2.9
Stealth        | |  1.7

Action                   || total
-------------------------++-------
Melee: Falchion          ||    35
 Stab: Sleeping          ||     3
Armor: Robe              ||     8
Dodge: Dodged            ||    16
       Rpst.: Falchion   ||     4

Table legend:
 A = Spawn XP
 B = Non-spawn XP
 C = Spawn XP percentage of total XP
 D = Spawn monster count
 E = Non-spawn monster count
 F = Spawn count percentage of total count
 G = Total turns spent on level
                    A         B        C        D         E        F      G
               +---------+---------+-------+---------+---------+-------+---------
         Total |       0 |      19 |   0.0 |       0 |      11 |   0.0 |  1323
               +---------+---------+-------+---------+---------+-------+---------
           D:1 |       0 |      12 |   0.0 |       0 |       7 |   0.0 |  1083
           D:2 |       0 |       7 |   0.0 |       0 |       4 |   0.0 |   240
               +---------+---------+-------+---------+---------+-------+---------
